 Dungeon Crawl Stone Soup version 0.32-a0-485-g70f7560b1c (webtiles) character file.

Game seed: 17839172918566007368

30612 jasper the Grappler (level 13, -1/121 HPs)
             Began as a Gnoll Shapeshifter on Feb 26, 2024.
             Was the Champion of Jiyva.
             Slain by an elephant (15 damage)
             ... on level 5 of the Lair of Beasts.
             The game lasted 00:19:12 (11247 turns).

jasper the Grappler (Gnoll Shapeshifter)           Turns: 11247, Time: 00:19:12

Health: -1/121     AC: 10    Str: 18    XL:     13   Next: 52%
Magic:  34/34      EV: 19    Int: 19    God:    Jiyva [******]
Gold:   769        SH:  0    Dex: 11    Spells: 29/29 levels left

rFire   x .          .
                       - Unarmed
rCold   . . .        (shield currently unavailable)
rNeg    + . .        s - melded +2 leather armour {rN+}
rPois   +            J - +2 helmet of Indemnity {rPois rF- rN+ Int+8}
rElec   .            (no cloak)
rCorr   +            g - +0 pair of gloves
SInv    +            (boots unavailable)
Will    +....        o - amulet of magic regeneration
Stlth   ++           t - ring of magical power
HPRegen 2.80/turn    A - ring of willpower
MPRegen 1.44/turn

%: no passive effects
@: flux-form, glowing
A: glow, contaminating, fangs 1, strong nose, distributed training, hooves 3,
iridescent scales 3, regeneration 1, robust 2, eyeballs 3
a: Begin Untransformation, Renounce Religion, Oozemancy, Slimify


You were on level 5 of the Lair of Beasts.
You worshipped Jiyva.
Jiyva was exalted by your worship.
You were something dangerously unstable.
You visited 2 branches of the dungeon, and saw 15 of its levels.

You collected 1401 gold pieces.
You spent 632 gold pieces at shops.

Inventory:

Hand Weapons
 C - the +4 morningstar "Aubergine" {pain, rElec rN++ MP+9}
   (You found it on level 8 of the Dungeon)

   rElec:     It insulates you from electricity.
   rN++:      It greatly protects you from negative energy.
   MP+9:      It affects your magic capacity (+9).
Missiles
 i - 50 stones
 m - 4 boomerangs (quivered)
 x - 44 poisoned darts
 B - a throwing net
 F - a curare-tipped dart
Armour
 a - a +0 animal skin
 g - a +0 pair of gloves (worn)
 l - a +0 leather armour
 r - a +0 ring mail
 s - a +2 leather armour of positive energy (melded)
 w - a +2 pair of boots of stealth
 z - a +0 kite shield
 E - +0 acid dragon scales
 G - a +0 buckler
 H - a +2 helmet
 J - the +2 helmet of Indemnity (worn) {rPois rF- rN+ Int+8}
   (You found it on level 11 of the Dungeon)

   Int+8:     It affects your intelligence (+8).
   rF-:       It makes you vulnerable to fire.
   rPois:     It protects you from poison rN+: It protects you from negative
   energy.
 M - the +3 hat of Pondering {ponderous, Will+ MP+10 Int+5}
   (You took it off Gastronok on level 2 of the Lair of Beasts)

   Int+5:     It affects your intelligence (+5).
   Will+:     It increases your willpower.
   MP+10:     It affects your magic capacity (+10).
Jewellery
 n - a ring of fire
 o - an amulet of magic regeneration (around neck)
 t - a ring of magical power (left hand)
 A - a ring of willpower (right hand)
Talismans
 c - a beast talisman
 d - a flux talisman (active)
Wands
 D - a wand of charming (17)
 L - a wand of flame (8)
Scrolls
 j - 2 scrolls of noise
 q - a scroll of poison
 v - 4 scrolls of fog
 y - 2 scrolls of immolation
 K - a scroll of fear
 O - a scroll of amnesia
Potions
 b - a potion of lignification
 e - 2 potions of might
 f - 5 potions of curing
 h - a potion of heal wounds
 k - a potion of degeneration
 p - 2 potions of ambrosia
 u - a potion of mutation
 I - a potion of brilliance {unknown}
Miscellaneous
 N - a lightning rod (4/4)


   Skills:
 + Level 9.1 Fighting
 + Level 8.7 Short Blades
 + Level 8.7 Long Blades
 + Level 8.7 Axes
 + Level 8.7 Maces & Flails
 + Level 8.7 Polearms
 + Level 8.7 Staves
 + Level 8.7 Ranged Weapons
 + Level 8.7 Throwing
 + Level 8.7 Armour
 + Level 9.9 Dodging
 + Level 8.7 Stealth
 + Level 8.7 Shields
 + Level 10.9 Unarmed Combat
 + Level 8.7 Spellcasting
 + Level 7.2 Conjurations
 + Level 7.2 Hexes
 + Level 7.2 Summonings
 + Level 7.2 Necromancy
 + Level 7.2 Translocations
 + Level 7.2 Fire Magic
 + Level 7.2 Ice Magic
 + Level 7.2 Air Magic
 + Level 7.2 Earth Magic
 + Level 7.2 Alchemy
 + Level 9.5 Invocations
 + Level 8.7 Evocations
 + Level 10.3 Shapeshifting


You had 29 spell levels left.
You didn't know any spells.
Your spell library contained the following spells:

 Spells                   Type           Power      Damage    Failure   Level
 Call Canine Familiar     Summ           35%        N/A       1%          3
 Inner Flame              Hex/Fire       35%        N/A       1%          3
 Sigil of Binding         Hex            35%        N/A       1%          3
 Summon Ice Beast         Ice/Summ       35%        N/A       1%          3
 Dimensional Bullseye     Hex/Tloc       17%        N/A       4%          4
 Alistair's Intoxication  Alch           23%        N/A       12%         5
 Borgnjor's Vile Clutch   Necr/Erth      17%        N/A       12%         5
 Irradiate                Conj/Alch      17%        3d17      12%         5
 Summon Forest            Summ/Tloc      17%        N/A       12%         5
 Summon Mana Viper        Hex/Summ       35%        N/A       12%         5
 Eringya's Noxious Bog    Alch           17%        4d6       54%         6
 Summon Cactus Giant      Summ           17%        N/A       54%         6
 Monstrous Menagerie      Summ           17%        N/A       98%         7
 Ignition                 Fire           17%        3d7       100%        8


Dungeon Overview and Level Annotations

Branches:
Dungeon (11/15)            Temple (0/1) D:4            Lair (5/5) D:8
  Swamp (0/4) Lair:2        Snake (0/4) Lair:3
  Slime: Lair:4-5       Orc: D:9-12

Altars:
Ashenzari
Fedhas
Gozag
Hepliaklqana
Kikubaaqudgha
Makhleb
Nemelex Xobeh
Okawaru
Qazlal
Sif Muna
Wu Jian
Xom
Zin
Jiyva

Shops:
D:3 (*   D:5 (   D:9 (   D:10 [


Innate Abilities, Weirdness & Mutations

You are something dangerously unstable.
You glow with magical radiation, making you easy to see and hit.
Foes you strike become dangerously contaminated with magical radiation.
You are incapable of wielding weapons or throwing items.
You have very sharp teeth.
Your uncanny sense of smell can sniff out nearby items.
Your experience applies equally to all skills.
You have hooves in place of feet.
You are completely covered in iridescent scales. (AC +6)
Your natural rate of healing is unusually fast.
You are very robust. (+20% HP)
Your body is covered in eyes which may confuse attackers. (Acc +7, SInv)


Message History

The elephant barely misses you. x2
The elephant tramples you but does no damage.
The elephant trunk-slaps you but does no damage.
The elephant closely misses you. The elephant misses you.
The elephant completely misses you. The elephant trunk-slaps you.
You regained 2 hp, and now have 49/121 hp.
Okay, then.
Unknown command.
You strike the helpless elephant from behind!
You punch the elephant!
You kill the elephant!
The elephant stops glowing.
The cane toad completely misses you.
The jelly hits the elephant.
The elephant is splashed with acid.
The jelly hits the elephant.
The elephant is splashed with acid.
The elephant tramples you!
You hold your ground!
The elephant trunk-slaps you but does no damage.
The elephant tramples the jelly.
The jelly stumbles backwards!
The elephant tramples you.
* * * LOW HITPOINT WARNING * * *
You hold your ground!
The elephant trunk-slaps you.
* * * LOW HITPOINT WARNING * * *
You take 20 damage, and have 29/121 hp.
You hit the elephant.
The elephant begins to glow.
You kick the elephant.
The elephant is heavily wounded.
The cane toad stings you!
* * * LOW HITPOINT WARNING * * *
The jelly hits the elephant.
The elephant is splashed with acid!
The acid corrodes the elephant!
You hear a distant slurping noise.
The jelly hits the elephant.
The elephant is splashed with acid.
The elephant seems to be corroded for longer.
You take 5 damage, and have 24/121 hp.
You hit the elephant but do no damage.
The elephant glows dangerously bright.
You bite the elephant.
The elephant is heavily wounded.
The elephant seems less confused.
The elephant tramples you!
* * * LOW HITPOINT WARNING * * *
You hold your ground!
The elephant misses you. The elephant tramples you!
You die...
Jiyva sends a jelly to digest your remains.

......†........<...†.......
~.................†........
≈~........††...............
≈~~.........†##....#...##P.
≈≈~.......P...#...#.PP.# .
≈≈~.....##....##......##
≈≈~....J###....#......#
≈≈~~..JJYY##...##....##
≈≈≈~....YYp##...#....#
≈≈~~.....YFY##..##..##
~~.~.........##..#..#∆∆
.....####.....##.#### ...#.
###....### ....P ##.!.# .
##.# ##


You could see 6 elephants, a cane toad and 3 neutral jellies (fellow slime).

Vanquished Creatures
  Gastronok (Lair:2)
  4 two-headed ogres
  2 skysharks
  A cyclops (D:11)
  6 black mambas
  14 elephants
  A gargoyle (D:11)
  A kobold demonologist (D:11)
  10 cane toads
  An efreet (D:10)
  A rime drake (Lair:1)
  4 komodo dragons
  An unseen horror (D:11)
  A troll (D:11)
  2 polar bears (Lair:3)
  A hornet (Lair:5)
  7 dream sheep (Lair:5)
  Prince Ribbit (D:6)
  5 blink frogs (Lair:3)
  A shadow (D:10)
  2 wyverns (Lair:5)
  21 yaks
  2 wraiths
  Eustachio (D:5)
  A basilisk (Lair:3)
  Menkaure (D:4)
  A steam dragon (D:7)
  3 nagas (Lair:3)
  Duvessa (D:5)
  An acid dragon (D:9)
  13 water moccasins
  3 black bears
  A sky beast (D:8)
  3 orc warriors
  8 wolves
  4 centaurs
  2 phantoms
  4 kobold brigands
  14 bullfrogs
  2 scorpions
  Dowan (D:5)
  26 killer bees
  A howler monkey (D:7)
  An electric eel (D:7)
  2 bombardier beetles
  2 orc priests
  2 hounds
  2 gnoll boudas
  A sleepcap (D:7)
  4 iguanas
  Natasha (thrice) (D:2)
  4 orc wizards
  Robin (D:3)
  10 gnolls
  10 adders
  A white imp (D:7)
  4 dart slugs
  22 orcs
  7 ball pythons
  2 bats
  6 endoplasms
  A giant cockroach (D:4)
  9 goblins
  7 hobgoblins
  A jackal (D:4)
  3 quokkas
  4 frilled lizards
  17 kobolds
  4 rats
  A spectral hobgoblin (D:3)
312 creatures vanquished.

Vanquished Creatures (collateral kills)
  A rime drake (Lair:2)
1 creature vanquished.

Vanquished Creatures (others)
  A wraith (D:10)
  A yak (D:9)
  A wolf (Lair:3)
  2 bullfrogs (Lair:1)
  A scorpion (D:4)
  3 bombardier beetles
  27 jellies
  An orc priest (D:7)
  2 iguanas (D:6)
  3 orc wizards
  2 gnolls (D:8)
  2 adders
  A shadow imp (D:4)
  5 orcs
  2 endoplasms (D:4)
  A hobgoblin (D:3)
  3 jackals (D:4)
  A ball python (D:4)
  A goblin (D:4)
  3 kobolds (D:7)
63 creatures vanquished.

Grand Total: 376 creatures vanquished

Notes
Turn   | Place    | Note
-------+----------+-------------------------------------------
     0 | D:1      | jasper the Gnoll Shapeshifter began the quest for the Orb.
     0 | D:1      | Reached XP level 1. HP: 17/17 MP: 1/1
   152 | D:1      | Reached XP level 2. HP: 23/23 MP: 2/2
   654 | D:1      | Identified a scroll of acquirement
   654 | D:1      | Acquired 1035 gold pieces
   769 | D:2      | Reached XP level 3. HP: 28/28 MP: 3/3
   865 | D:2      | Noticed Natasha
   873 | D:2      | Killed Natasha
   874 | D:2      | Reached skill level 1 in Short Blades
   874 | D:2      | Reached skill level 1 in Long Blades
   874 | D:2      | Reached skill level 1 in Axes
   874 | D:2      | Reached skill level 1 in Maces & Flails
   874 | D:2      | Reached skill level 1 in Polearms
   874 | D:2      | Reached skill level 1 in Staves
   874 | D:2      | Reached skill level 1 in Ranged Weapons
   874 | D:2      | Reached skill level 1 in Throwing
   874 | D:2      | Reached skill level 1 in Armour
   874 | D:2      | Reached skill level 1 in Stealth
   874 | D:2      | Reached skill level 1 in Shields
   874 | D:2      | Reached skill level 1 in Spellcasting
   874 | D:2      | Reached skill level 1 in Invocations
   874 | D:2      | Reached skill level 1 in Evocations
  1036 | D:2      | Noticed Natasha
  1044 | D:2      | Killed Natasha
  1045 | D:2      | Reached skill level 1 in Conjurations
  1045 | D:2      | Reached skill level 1 in Hexes
  1045 | D:2      | Reached skill level 1 in Summonings
  1045 | D:2      | Reached skill level 1 in Necromancy
  1045 | D:2      | Reached skill level 1 in Translocations
  1045 | D:2      | Reached skill level 1 in Fire Magic
  1045 | D:2      | Reached skill level 1 in Ice Magic
  1045 | D:2      | Reached skill level 1 in Air Magic
  1045 | D:2      | Reached skill level 1 in Earth Magic
  1045 | D:2      | Reached skill level 1 in Alchemy
  1045 | D:2      | Reached XP level 4. HP: 26/34 MP: 5/5
  1337 | D:2      | Noticed Natasha
  1346 | D:2      | Killed Natasha
  1347 | D:2      | Reached XP level 5. HP: 33/41 MP: 7/7
  1661 | D:3      | Noticed Robin
  1667 | D:3      | Killed Robin
  1747 | D:3      | Found Ovvucw's General Store.
  1751 | D:3      | Bought a +2 pair of boots of stealth for 301 gold pieces
  1751 | D:3      | Bought a scroll of fog for 56 gold pieces
  1751 | D:3      | Bought a scroll of identify for 28 gold pieces
  1987 | D:3      | Found a faded altar of an unknown god.
  2018 | D:3      | Found Xysumnig's Weapon Emporium.
  2092 | D:3      | Prayed at the altar of an unknown god.
  2092 | D:3      | Became a worshipper of Jiyva Jotzohof the Shapeless
  2092 | D:3      | Reached * piety under Jiyva
  2273 | D:3      | Found a hazy altar of Hepliaklqana.
  2470 | D:4      | Reached XP level 6. HP: 47/47 MP: 8/8
  2679 | D:4      | Reached ** piety under Jiyva
  2738 | D:4      | Found a broken altar of Ashenzari.
  2746 | D:4      | Found a staircase to the Ecumenical Temple.
  2746 | D:4      | Noticed Menkaure
  2767 | D:4      | Killed Menkaure
  2768 | D:4      | Reached skill level 5 in Dodging
  3031 | D:5      | Entered Level 5 of the Dungeon
  3047 | D:5      | Noticed Eustachio
  3067 | D:5      | Killed Eustachio
  3068 | D:5      | Reached XP level 7. HP: 18/52 MP: 10/10
  3418 | D:5      | Noticed Duvessa
  3418 | D:5      | Noticed Dowan
  3431 | D:5      | Killed Duvessa
  3452 | D:5      | Killed Dowan
  3584 | D:5      | Reached *** piety under Jiyva
  3611 | D:5      | Reached XP level 8. HP: 52/60 MP: 12/12
  3634 | D:5      | Found Kiridid's Antique Weapon Shoppe.
  4183 | D:6      | Noticed Prince Ribbit
  4227 | D:6      | Killed Prince Ribbit
  4431 | D:6      | Gained mutation: You are partially covered in iridescent
                  | scales. (AC +2) [Jiyva's grace]
  4431 | D:6      | Gained mutation: You are mostly covered in iridescent
                  | scales. (AC +4) [Jiyva's grace]
  4431 | D:6      | Gained mutation: You are completely covered in iridescent
                  | scales. (AC +6) [Jiyva's grace]
  4431 | D:6      | Gained mutation: Your body has grown eyes which may confuse
                  | attackers. (Acc +3) [Jiyva's grace]
  4526 | D:6      | Reached **** piety under Jiyva
  4558 | D:6      | Found an ornate altar of the Wu Jian Council.
  4762 | D:6      | Found a sparkling altar of Nemelex Xobeh.
  4766 | D:6      | Found an opulent altar of Gozag.
  4771 | D:6      | Found a glowing silver altar of Zin.
  5084 | D:7      | Reached XP level 9. HP: 66/66 MP: 14/14
  5271 | D:7      | Reached skill level 5 in Fighting
  5773 | D:8      | Reached ***** piety under Jiyva
  5785 | D:8      | Identified the +4 morningstar "Aubergine" {pain, rElec rN++
                  | MP+9}
  5861 | D:8      | Found a staircase to the Lair.
  5861 | D:8      | Gained mutation: Your body has grown many eyes which may
                  | confuse attackers. (Acc +5) [Jiyva's grace]
  5861 | D:8      | Gained mutation: Your body is covered in eyes which may
                  | confuse attackers. (Acc +7, SInv) [Jiyva's grace]
  5861 | D:8      | Gained mutation: You are robust. (+10% HP) [Jiyva's grace]
  5861 | D:8      | Gained mutation: You are very robust. (+20% HP) [Jiyva's
                  | grace]
  5873 | D:8      | Reached skill level 5 in Invocations
  5926 | D:8      | Noticed an elephant
  5946 | D:8      | Killed an elephant
  5947 | D:8      | Reached skill level 5 in Short Blades
  5947 | D:8      | Reached skill level 5 in Long Blades
  5947 | D:8      | Reached skill level 5 in Axes
  5947 | D:8      | Reached skill level 5 in Maces & Flails
  5947 | D:8      | Reached skill level 5 in Polearms
  5947 | D:8      | Reached skill level 5 in Staves
  5947 | D:8      | Reached skill level 5 in Ranged Weapons
  5947 | D:8      | Reached skill level 5 in Throwing
  5947 | D:8      | Reached skill level 5 in Armour
  5947 | D:8      | Reached skill level 5 in Stealth
  5947 | D:8      | Reached skill level 5 in Shields
  5947 | D:8      | Reached skill level 5 in Spellcasting
  5947 | D:8      | Reached skill level 5 in Evocations
  5947 | D:8      | Reached XP level 10. HP: 91/91 MP: 17/17
  6146 | D:8      | Found a shimmering blue altar of Sif Muna.
  6364 | D:8      | Found an iron altar of Okawaru.
  6364 | D:8      | Found a burning altar of Makhleb.
  6560 | D:9      | Found a shimmering altar of Xom.
  6571 | D:9      | Found an ancient bone altar of Kikubaaqudgha.
  6799 | D:9      | Noticed a two-headed ogre
  6805 | D:9      | Killed a two-headed ogre
  6905 | D:9      | Found a stormy altar of Qazlal.
  7078 | D:9      | Found Urezeiqy's Antique Weapon Shoppe.
  7096 | D:9      | Noticed a two-headed ogre
  7103 | D:9      | Killed a two-headed ogre
  7245 | D:9      | Reached ****** piety under Jiyva
  7324 | D:10     | Entered Level 10 of the Dungeon
  7381 | D:10     | Reached skill level 5 in Conjurations
  7381 | D:10     | Reached skill level 5 in Hexes
  7381 | D:10     | Reached skill level 5 in Summonings
  7381 | D:10     | Reached skill level 5 in Necromancy
  7381 | D:10     | Reached skill level 5 in Translocations
  7381 | D:10     | Reached skill level 5 in Fire Magic
  7381 | D:10     | Reached skill level 5 in Ice Magic
  7381 | D:10     | Reached skill level 5 in Air Magic
  7381 | D:10     | Reached skill level 5 in Earth Magic
  7381 | D:10     | Reached skill level 5 in Alchemy
  7400 | D:10     | Lost mutation: You are completely covered in iridescent
                  | scales. (AC +6) [Jiyva's grace]
  7400 | D:10     | Gained mutation: Your natural rate of healing is unusually
                  | fast. [Jiyva's grace]
  7400 | D:10     | Gained mutation: You heal very quickly. [Jiyva's grace]
  7400 | D:10     | Gained mutation: You regenerate. [Jiyva's grace]
  7400 | D:10     | Gained mutation: You have sharp toenails. [Jiyva's grace]
  7430 | D:10     | Reached XP level 11. HP: 83/99 MP: 20/20
  7470 | D:10     | Noticed a two-headed ogre
  7490 | D:10     | Killed a two-headed ogre
  7672 | D:10     | Found a blossoming altar of Fedhas.
  7892 | D:10     | Found Woderruj's Armour Boutique.
  7901 | D:10     | Bought a +2 helmet for 247 gold pieces
  8115 | D:11     | Noticed a two-headed ogre
  8125 | D:11     | Killed a two-headed ogre
  8178 | D:11     | Found a shimmering blue altar of Sif Muna.
  8524 | D:11     | Identified the +2 helmet of Indemnity {rPois rF- rN+ Int+8}
  8565 | D:11     | Noticed a soul eater
  8651 | D:11     | Noticed a cyclops
  8657 | D:11     | Killed a cyclops
  8970 | Lair:1   | Entered Level 1 of the Lair of Beasts
  9102 | Lair:1   | Reached XP level 12. HP: 99/109 MP: 22/22
  9216 | Lair:1   | Lost mutation: You regenerate. [Jiyva's grace]
  9216 | Lair:1   | Lost mutation: You heal very quickly. [Jiyva's grace]
  9216 | Lair:1   | Lost mutation: You have sharp toenails. [Jiyva's grace]
  9216 | Lair:1   | Gained mutation: You have large cloven feet. [Jiyva's
                  | grace]
  9216 | Lair:1   | Gained mutation: You have hoof-like feet. [Jiyva's grace]
  9216 | Lair:1   | Gained mutation: You have hooves in place of feet. [Jiyva's
                  | grace]
  9216 | Lair:1   | Gained mutation: You are completely covered in iridescent
                  | scales. (AC +6) [Jiyva's grace]
  9453 | Lair:1   | Reached skill level 10 in Unarmed Combat
  9856 | Lair:2   | Noticed Gastronok
  9878 | Lair:2   | Killed Gastronok
 10006 | Lair:2   | Found a staircase to the Swamp.
 10612 | Lair:3   | Found a staircase to the Snake Pit.
 10875 | Lair:3   | Reached XP level 13. HP: 118/118 MP: 25/25
 10916 | Lair:3   | Reached skill level 10 in Shapeshifting
 11023 | Lair:3   | You fall into a shaft and drop 2 floors!
 11023 | Lair:5   | Entered Level 5 of the Lair of Beasts
 11247 | Lair:5   | Slain by an elephant

Illustrated notes

Levels and vault maps discovered:
D:1:      eino_arrival_cavern_e, layout_basic, nicolae_eternal_life,
          grunt_decor_cap, wander_ebering_terrifying_dragon_lair
D:2:      layout_basic, uniq_natasha
D:3:      layout_loops_cross, nicolae_hepliaklqana_monster_ancestors,
          shapermc_ecumenical_altar_mp_ritualfount, serial_shops,
          nicolae_shop_back_alley_shop, nicolae_shop_stone, kennysheep_doodads,
          uniq_robin
D:4:      layout_basic, nicolae_overflow_crystal_walls,
          minmay_temple_entry_water_ring, uniq_menkaure
D:5:      layout_cave_pods, serial_shops,
          nicolae_shop_temple_entry_statues_fountains,
          chequers_serial_rivers_micro_c, nrook_uturn, st_stairs_14,
          nicolae_half_adder, uniq_duvessa, uniq_eustachio
D:6:      layout_cave_pods, minitemple, nicolae_wu_jian_wuxing_cycle,
          uniq_prince_ribbit1
D:7:      cheibrodos_helix_gallery, layout_basic, serial_glass, glass_columns_b,
          glass_columns_c, st_stairs_13
D:8:      layout_loops_cross, lemuel_crystal_altar,
          gammafunk_temple_overflow_pools, david_lair_generic,
          dk_noncrumbling_3, chequers_mini_garden, st_stairs_1
D:9:      layout_stronghold, nicolae_qazlal_general_emergency,
          nicolae_overflow_squiral, serial_shops, shop
D:10:     layout_irregular_city, mainiacjoe_overflow_catwalk, serial_shops,
          shop, kennysheep_donut
D:11:     layout_loops_cross, nicolae_sif_muna_little_library
Lair:1:   layout_regular_city, grunt_megastairs_5, serial_bayou_shore_a
Lair:2:   layout_regular_city, swamp_mist, uniq_gastronok
Lair:3:   layout_gridlike, nicolae_snake_entry_squirm,
          infiniplex_staircase_pool_2, grunt_megastairs_4
Lair:5:   wormcave, layout_regular_city, hangedman_lair_tendril_chambers,
          minmay_slime_entry_oklob_enclosed, minivault_27,
          infiniplex_staircase_pool

Skill      XL: |  1  2  3  4  5  6  7  8  9 10 11 12 13 |
---------------+----------------------------------------+-----
Short Blades   | 1 2 3 5 6 7 8 |  8.7
Long Blades    | 1 2 3 5 6 7 8 |  8.7
Axes           | 1 2 3 5 6 7 8 |  8.7
Maces & Flails | 1 2 3 5 6 7 8 |  8.7
Polearms       | 1 2 3 5 6 7 8 |  8.7
Staves         | 1 2 3 5 6 7 8 |  8.7
Ranged Weapons | 1 2 3 5 6 7 8 |  8.7
Throwing       | 1 2 3 5 6 7 8 |  8.7
Armour         | 1 2 3 5 6 7 8 |  8.7
Stealth        | 1 2 3 5 6 7 8 |  8.7
Shields        | 1 2 3 5 6 7 8 |  8.7
Spellcasting   | 1 2 3 5 6 7 8 |  8.7
Invocations    | 1 2 3 4 5 6 7 8 9 |  9.5
Evocations     | 1 2 3 5 6 7 8 |  8.7
Conjurations   | 1 2 3 4 5 6 7 |  7.2
Hexes          | 1 2 3 4 5 6 7 |  7.2
Summonings     | 1 2 3 4 5 6 7 |  7.2
Necromancy     | 1 2 3 4 5 6 7 |  7.2
Translocations | 1 2 3 4 5 6 7 |  7.2
Fire Magic     | 1 2 3 4 5 6 7 |  7.2
Ice Magic      | 1 2 3 4 5 6 7 |  7.2
Air Magic      | 1 2 3 4 5 6 7 |  7.2
Earth Magic    | 1 2 3 4 5 6 7 |  7.2
Alchemy        | 1 2 3 4 5 6 7 |  7.2
Fighting       | 3 4 5 6 7 8 9 |  9.1
Dodging        | 5 6 7 8 9 |  9.9
Unarmed Combat | 7 8 9 10 | 10.9
Shapeshifting  | 7 8 9 10 | 10.3

Action                     |  1- 3 |  4- 6 |  7- 9 | 10-12 | 13-15 || total
---------------------------+-------+-------+-------+-------+-------++-------
  Melee: Unarmed           |    28 |   116 |   305 |   613 |   174 ||  1236
         Bite              |     1 |    13 |    32 |   104 |    38 ||   188
         Punch             |       |     5 |     3 |       |       ||     8
         Kick              |       |       |       |   107 |    93 ||   200
  Throw: Boomerang         |    12 |     6 |    10 |       |       ||    28
    Use: Scroll            |     2 |     8 |     3 |     5 |       ||    18
         Potion            |       |       |     1 |       |     2 ||     3
   Stab: Sleeping          |       |       |     2 |     6 |     1 ||     9
         Confused          |       |       |     4 |    37 |    11 ||    52
         Distracted        |       |       |       |     1 |       ||     1
 Armour: Animal skin       |     5 |       |       |       |       ||     5
         Leather armour    |     9 |    45 |    24 |       |       ||    78
         Ring mail         |       |     4 |       |       |       ||     4
         Skin              |       |       |   121 |   279 |   140 ||   540
  Dodge: Dodged            |    21 |    59 |   274 |   553 |   244 ||  1151
   Form: Flux              |       |       |     1 |       |       ||     1

Table legend: (Time is in decaauts)
 A = Elapsed time spent in this place.
 B = Non-inter-level travel time spent in this place.
 C = Inter-level travel time spent in this place.
 D = Time resting spent in this place.
 E = Time spent auto-exploring this place.
 F = Levels seen in this place.
 G = Mean time per level.
                   A        B        C        D        E       F      G
               +--------+--------+--------+--------+--------+-----+--------+
         Total |  11089 |  10690 |    399 |    226 |   8010 |  15 |  739.3 |
       Dungeon |   8927 |   8555 |    372 |    226 |   6526 |  11 |  811.5 |
          Lair |   2162 |   2135 |     27 |      0 |   1483 |   4 |  540.5 |
               +--------+--------+--------+--------+--------+-----+--------+

Top non-repeatable levels by time:
     D:5: 1126 daAuts
     D:3: 937 daAuts
     D:9: 896 daAuts
  Lair:1: 831 daAuts
     D:2: 830 daAuts
     D:6: 816 daAuts
     D:8: 810 daAuts
    D:11: 799 daAuts
    D:10: 778 daAuts
  Lair:2: 675 daAuts
     D:1: 665 daAuts
     D:7: 658 daAuts
     D:4: 606 daAuts
  Lair:3: 454 daAuts
  Lair:5: 200 daAuts
